 Dungeon Crawl Stone Soup version 0.31.0 (webtiles) character file.

Game seed: 6059739566070554888

165 qw the Shooter (level 5, 0/32 HPs)
             Began as a Gargoyle Hunter on Jan 19, 2024.
             Slain by an orc
             ... wielding a +0 falchion
              (4 damage)
             ... on level 4 of the Dungeon.
             The game lasted 00:00:11 (2301 turns).

qw the Shooter (Gargoyle Hunter)                    Turns: 2301, Time: 00:00:11

Health: 0/32       AC: 10    Str: 21    XL:     5   Next: 46%
Magic:  5/5        EV: 12    Int:  9    God:
Gold:   159        SH:  0    Dex: 15    Spells: 4/4 levels left

rFire   . . .        a - +1 shortbow
rCold   + . .        (shield currently unavailable)
rNeg    + . .        i - +2 robe {rC+}
rPois   inf          (no helmet)
rElec   +            (no cloak)
rCorr   .            (no gloves)
SInv    .            f - +1 pair of boots
Will    .....        (no amulet)
Stlth   ++           b - +6 ring of strength
HPRegen 0.25/turn    (no ring)
MPRegen 0.09/turn

%: no passive effects
@: no status effects
A: sickness immunity, AC +4, negative energy resistance 1, electricity
resistance, torment resistance 1, petrification resistance
a: no special abilities


You were on level 4 of the Dungeon.
You visited 1 branch of the dungeon, and saw 4 of its levels.

You collected 159 gold pieces.


Innate Abilities, Weirdness & Mutations

You are immune to sickness and miasma.
Your stone body is resilient. (AC +4)
You are immune to poison.
You resist negative energy. (rN+)
You are resistant to electric shocks. (rElec)
You are resistant to unholy torment.
You are immune to petrification.


   Skills:
 - Level 3.0 Fighting
 + Level 5.8 Ranged Weapons
 - Level 2.0 Armour
 - Level 1.5 Dodging
 - Level 1.1 Stealth


You had 4 spell levels left.
You didn't know any spells.
Your spell library was empty.

Inventory:

Hand Weapons
 a - a +1 shortbow (weapon)
Armour
 f - a +1 pair of boots (worn)
 i - a +2 robe of cold resistance (worn)
Jewellery
 b - a +6 ring of strength (left hand)
Scrolls
 g - a scroll of identify
 h - 3 scrolls of revelation {unknown}
Potions
 c - a potion of haste
 d - 3 potions of curing
 e - a potion of mutation

Dungeon Overview and Level Annotations

Branches:
Dungeon (4/15)
 Temple: D:4-7

Altars:
Gozag
Uskayaw

Annotations:
D:2 1 runed translucent door, Crazy Yiuf
D:3 3 runed translucent doors, qw's ghost, amateur GrHu


Message History

Enter note:
Enter note:
2295 ||| RETREEEEATING.
You escape the ball python's grasp.
The orc wizard mumbles some strange words.
The orc wizard flickers and vanishes!
Deactivating autopickup; reactivate with Ctrl-A.
You shoot an arrow. The arrow hits the ogre!
The ogre is almost dead.
The ball python bites you. The ball python grabs you.
The ball python constricts you.
You shoot an arrow.
The arrow closely misses the ball python.
The goblin shouts!
The ball python bites you but does no damage.
The ball python constricts you. The ogre completely misses you.
You shoot an arrow.
The arrow closely misses the ball python.
The ball python bites you but does no damage.
The ball python constricts you.
The orc wizard mumbles some strange words.
The orc wizard flickers and vanishes!
The orc closely misses you.
You shoot an arrow.
The arrow completely misses the ball python.
The arrow closely misses the orc.
The ball python bites you but does no damage.
The ball python constricts you. The ogre barely misses you.
The orc barely misses you.
The ball python bites you but does no damage.
The ball python constricts you.
You shoot an arrow.
The arrow closely misses the ball python.
The arrow hits the orc.
The orc is severely wounded.
The ball python closely misses you. The ball python constricts you.
The ogre hits you with a +0 giant spiked club!
The orc hits you with a +0 falchion.
You shoot an arrow. The arrow hits the ball python.
You kill the ball python!
The orc hits you with a +0 falchion.
You die...

..g.. #.# o....##.# ..
.o..(.. .. ....##.#
#.!.#.# ... .. #...#.#
#... ... #..g#.#
...#..
....##..o#.#.........
.......{O@.##.......#
.....#..o##...#.....
.....[.............
.....##.....#.##.#
.<...............####.
.....##...............
#... #...............
#.# #..........####
#......#'###..# ###


You could see an ogre, 2 orcs and a goblin.

Vanquished Creatures
  A hound (D:4)
  Jessica (D:2)
  A gnoll (D:4)
  4 dart slugs
  3 orcs (D:4)
  5 ball pythons
  6 bats
  6 endoplasms
  4 giant cockroaches (D:1)
  10 hobgoblins
  7 jackals
  11 kobolds
  2 quokkas
  2 frilled lizards
  11 goblins
  A hobgoblin zombie (D:4)
  5 rats
80 creatures vanquished.

Notes
Turn   | Place    | Note
-------+----------+-------------------------------------------
     0 | D:1      | qw the Gargoyle Hunter began the quest for the Orb.
     0 | D:1      | Reached XP level 1. HP: 12/12 MP: 1/1
     0 | D:1      | 0 ||| qw: Version: 0.3-a-132-g3d54051
     0 | D:1      | 0 ||| qw: Game counter: 55
     0 | D:1      | 0 ||| qw: Melee chars always use a shield: true
     0 | D:1      | 0 ||| qw: God list: Okawaru
     0 | D:1      | 0 ||| qw: Allow faded altars: false
     0 | D:1      | 0 ||| qw: Do Orc after clearing Dungeon:15 true
     0 | D:1      | 0 ||| qw: Do second Lair branch before Depths: true
     0 | D:1      | 0 ||| qw: Lair rune preference: random
     0 | D:1      | 0 ||| qw: Goals: Normal
     0 | D:1      | 0 ||| PLANNING D:1-11
    67 | D:1      | Reached XP level 2. HP: 13/17 MP: 2/2
   206 | D:1      | Reached XP level 3. HP: 21/21 MP: 3/3
   236 | D:1      | Reached skill level 5 in Ranged Weapons
   613 | D:1      | Found a faded altar of an unknown god.
   640 | D:1      | 640 ||| UPGRADING to +0 pair of boots.
   645 | D:1      | 645 ||| UPGRADING to +0 ring mail.
   655 | D:1      | 655 ||| DROPPING +0 leather armour.
   656 | D:1      | 656 ||| READING scroll labelled NIGOEL TETE.
   657 | D:1      | 657 ||| DROPPING scroll of butterflies.
   704 | D:2      | 704 ||| FLEEEEING.
   878 | D:2      | Found a runed translucent door.
   879 | D:2      | Noticed Crazy Yiuf
   905 | D:2      | Reached XP level 4. HP: 26/27 MP: 4/4
  1049 | D:2      | Noticed Jessica
  1051 | D:2      | Killed Jessica
  1332 | D:2      | 1332 ||| UPGRADING to +2 robe of cold resistance.
  1342 | D:2      | 1342 ||| DROPPING +0 ring mail.
  1343 | D:2      | 1343 ||| UPGRADING to +6 ring of strength.
  1344 | D:2      | 1344 ||| READING scroll labelled PONOPA VABBAZI.
  1344 | D:2      | 1344 ||| IDENTIFYING fizzy blue potion
  1345 | D:2      | 1345 ||| READING 2 scrolls labelled ROCEHI ZONIUH.
  1346 | D:2      | 1346 ||| DROPPING scroll of blinking.
  1414 | D:3      | Reached skill level 3 in Fighting
  1492 | D:3      | 1492 ||| READING scroll of identify.
  1492 | D:3      | 1492 ||| IDENTIFYING bubbling yellow potion
  1504 | D:3      | Found a hide-covered altar of Uskayaw.
  1653 | D:3      | Found a runed translucent gate.
  1653 | D:3      | Found a runed translucent gate.
  1653 | D:3      | Found an opulent altar of Gozag.
  1653 | D:3      | Found a runed translucent gate.
  1657 | D:3      | Noticed qw's ghost (amateur GrHu)
  1982 | D:3      | 1982 ||| READING scroll of identify.
  1982 | D:3      | 1982 ||| IDENTIFYING silvery potion
  1983 | D:3      | 1983 ||| READING scroll labelled GOATEI SAJEEPP.
  1983 | D:3      | 1983 ||| ENCHANTING +0 shortbow.
  1984 | D:3      | 1984 ||| READING scroll labelled QEHEXZOUPS.
  1984 | D:3      | 1984 ||| ENCHANTING +0 pair of boots.
  1985 | D:3      | 1985 ||| READING scroll labelled RUOZURR JUELIEST.
  2022 | D:4      | 2022 ||| PLANNING OSSUARY
  2035 | D:4      | Reached XP level 5. HP: 29/32 MP: 5/5
  2283 | D:4      | Noticed an ogre
  2289 | D:4      | 2289 ||| RETREEEEATING.
  2291 | D:4      | 2291 ||| RETREEEEATING.
  2295 | D:4      | 2295 ||| RETREEEEATING.
  2300 | D:4      | HP: 5/32 [ogre/+0 giant spiked club (12)]
  2301 | D:4      | Slain by an orc

Levels and vault maps discovered:
D:1:      lightli_arrival_isolated_outpost, layout_basic,
          chequers_ecumenical_altar_simple_redux, minmay_pentomino_z4
D:2:      layout_loops_ring, uniq_crazy_yiuf_cottage, uniq_jessica
D:3:      cheibrodos_old_hovel, layout_loops_ring,
          mainiacjoe_overflow_small_starburst, ebering_ghost_gozag
D:4:      corexii_shantytown, layout_basic, lemuel_tele_altar,
          nicolae_ossuary_entry_giza, hangedman_abyss_or_decor_stagger,
          uniq_ijyb

Skill      XL: |  1  2  3  4 |
---------------+-------------+-----
Ranged Weapons | 5 |  5.8
Armour         | 2 |  2.0
Fighting       | 3 |  3.0
Dodging        | |  1.5
Stealth        | |  1.1

Action                     |  1- 3 |  4- 6 || total
---------------------------+-------+-------++-------
   Fire: Shortbow          |   139 |   100 ||   239
    Use: Scroll            |     1 |     7 ||     8
 Armour: Leather armour    |    39 |       ||    39
         Ring mail         |     3 |     1 ||     4
         Robe              |       |    28 ||    28
  Dodge: Dodged            |    48 |    32 ||    80

Table legend:
 A = Non-vault XP
 B = Vault XP
 C = Vault XP percentage of total XP
 D = Non-vault monster count
 E = Vault monster count
 F = Vault count percentage of total count
                 A         B        C        D         E       F
            +---------+---------+-------+---------+---------+-------
      Total |     145 |      94 |  39.3 |      56 |      24 |  30.0
            +---------+---------+-------+---------+---------+-------
        D:1 |      65 |       6 |   8.5 |      34 |       3 |   8.1
        D:2 |      14 |      37 |  72.5 |       8 |       1 |  11.1
        D:3 |      19 |       2 |   9.5 |      11 |       1 |   8.3
        D:4 |      47 |      49 |  51.0 |       3 |      19 |  86.4
            +---------+---------+-------+---------+---------+-------
